Map: Odyssey LE

Players

Winthrowe - Winner!

  • Race: Terran Terran
  • League: Silver
  • Spawn Location: 11:00

A.I. 1 (Medium)

  • Race: Protoss Protoss
  • Spawn Location: 5:00

VOD

Have the link to the VOD?

Description

Time

  • Played on: Aug. 20, 2017, 10:02 p.m.
  • Length: 14:11
Show
View Real Time Build Order
Export as new Build Order

Winthrowe Terran - Winner!

Build Orders: MMM Bio 

Get SALT Encoding   

  12  0:01  SCV  
  13  0:13  SCV  
  14  0:19  Supply Depot  
  14  0:25  SCV  
  15  0:41  SCV  
  15  0:42  Refinery  
  16  0:46  Barracks  
  16  0:53  SCV  
  17  1:05  SCV, Refinery  
  18  1:17  SCV  
  19  1:29  SCV  
  20  1:41  SCV  
  21  1:49  Command Center  
  21  1:53  Marine  
  22  1:58  SCV  
  23  2:12  Barracks Reactor  
  23  2:27  Supply Depot  
  23  2:49  Marine x2, SCV  
  26  3:01  SCV  
  26  3:05  SCV  
  28  3:07  Marine x2  
  30  3:14  Orbital Command  
  30  3:17  SCV  
  31  3:27  Supply Depot  
  31  3:29  SCV  
  32  3:41  SCV  
  33  3:51  SCV  
  35  3:57  Orbital Command  
  34  4:03  SCV  
  35  4:12  Factory  
  35  4:15  SCV  
  36  4:17  Marine x2  
  38  4:27  SCV  
  39  4:34  Barracks  
  39  4:35  Marine x2  
  42  4:38  SCV  
  42  4:39  SCV  
  43  4:50  SCV  
  43  4:51  SCV  
  45  4:53  Marine x2  
  45  4:58  Barracks  
  47  5:02  SCV  
  47  5:03  Starport, SCV  
  49  5:10  Marine  
  49  5:11  Marine  
  51  5:25  Factory Tech Lab  
  51  5:28  Marine x2  
  51  5:34  Marine  
  54  5:40  Starport Tech Lab  
  54  5:50  Supply Depot  
  54  5:53  Marine, Supply Depot  
  54  5:55  Marine  
  49  6:06  Marine x2  
  49  6:11  Marine  
  51  6:12  Marine  
  51  6:17  Supply Depot  
  53  6:43  Engineering Bay  
  53  6:46  Engineering Bay  
  53  6:47  SCV  
  53  6:49  Marine x2, Marauder x2  
  60  6:57  Stimpack  
  60  6:58  Combat Shields  
  60  7:01  Starport Reactor  
  60  7:04  Factory Tech Lab  
  60  7:07  Marine x2  
  62  7:08  Factory Reactor  
  62  7:10  Marauder x2  
  66  7:25  Marine x2, Terran Infantry Weapons Level 1, Terran Infantry Armor Level 1  
  68  7:31  Marauder  
  68  7:32  Marauder  
  68  7:35  Armory  
  72  7:37  Armory  
  72  7:42  Marine  
  72  7:43  Marine  
  74  7:47  SCV x2  
  76  7:53  Marauder  
  78  8:08  Command Center  
  78  8:11  Supply Depot  
  78  8:14  Supply Depot  
  78  8:19  Command Center  
  78  8:24  Fusion Core  
  78  8:27  Ghost Academy  
  78  8:32  Marine x3, SCV x2  
  78  8:33  Marauder  
  78  8:34  Supply Depot  
  85  8:35  Medivac x2  
  85  8:37  Concussive Shells  
  85  8:38  Supply Depot  
  89  8:45  SCV x2  
  91  8:50  Marine x2  
  91  8:54  Marine  
  96  8:55  Marauder  
  96  8:59  Supply Depot  
  96  9:08  Marine x2  
  98  9:12  Marauder  
  102  9:17  Marauder  
  102  9:23  Viking x2  
  106  9:26  Marine  
  106  9:31  Marine  
  108  9:33  Marauder  
  112  9:38  Marauder  
  112  9:43  Marine  
  113  9:48  Marine  
  114  9:53  Viking x2  
  114  9:55  Marauder  
  122  10:00  Marauder  
  122  10:01  Marine  
  122  10:06  Marine  
  118  10:16  Marauder  
  118  10:19  Marine  
  120  10:21  Marauder  
  120  10:23  Viking x2  
  120  10:24  Marine  
  123  10:36  Hellbat  
  123  10:37  Marine, Hellbat, Marauder  
  123  10:42  Marine, Marauder  
  133  10:53  Viking x2  
  133  10:55  Marine, Planetary Fortress  
  133  10:56  Planetary Fortress  
  138  10:58  Hellbat x2  
  138  10:59  Marauder  
  138  11:00  Marine  
  138  11:04  Marauder  
  147  11:07  Supply Depot  
  147  11:10  Supply Depot  
  147  11:12  Marine  
  148  11:29  Marine, Viking, Hellbat x2  
  148  11:31  Supply Depot  
  148  11:32  Medivac, Marauder x2  
  161  11:33  Marine  
  161  11:35  Supply Depot  
  162  11:46  Marine  
  163  11:51  SCV  
  163  11:53  Marine, Hellbat, SCV x3  
  163  11:54  Marauder  
  172  11:56  Supply Depot, Marauder  
  172  11:58  Supply Depot  
  172  11:59  Medivac  
  176  12:03  SCV  
  176  12:04  Marine  
  176  12:05  SCV x2  
  180  12:17  Marine, SCV x3  
  180  12:18  SCV, Marauder  
  180  12:20  Marauder  
  180  12:22  Marine  
  190  12:30  SCV  
  190  12:35  Marine  
  191  12:39  Marine  
  191  12:40  Marine x2  
  194  12:53  Marine  
  194  12:57  Marauder  
  194  12:58  Marine  
  190  12:59  Marauder  
  192  13:11  Marine  
  193  13:15  Marine  
  193  13:18  Marauder  
  196  13:32  Supply Depot  
  196  13:37  Refinery  
  196  13:38  Refinery  
Show
View Real Time Build Order
Export as new Build Order

A.I. 1 (Medium) Protoss 

Build Orders:  

Get SALT Encoding   

  12  0:01  Probe (Chrono Boost)  
  13  0:11  Probe (Chrono Boost)  
  14  0:20  Pylon  
  14  0:22  Probe (Chrono Boost)  
  15  0:38  Probe (Chrono Boost)  
  16  0:47  Assimilator  
  16  0:48  Probe (Chrono Boost)  
  17  0:50  Gateway  
  17  0:59  Probe (Chrono Boost)  
  17  1:01  Pylon  
  18  1:27  Gateway  
  18  1:33  Assimilator  
  18  1:35  Zealot  
  18  1:39  Cybernetics Core  
  20  2:00  Zealot  
  20  2:06  Pylon  
  22  2:12  Warp Gate  
  22  2:13  Stalker  
  24  2:27  Stalker  
  26  2:36  Probe (Chrono Boost)  
  27  2:42  Stalker  
  29  2:48  Probe (Chrono Boost)  
  30  2:54  Pylon  
  30  2:55  Stalker  
  33  2:59  Probe (Chrono Boost)  
  33  3:09  Forge  
  33  3:11  Probe (Chrono Boost)  
  34  3:23  Probe (Chrono Boost)  
  36  3:34  Probe (Chrono Boost)  
  36  5:12  Sentry  
  39  5:15  Probe (Chrono Boost)  
  39  5:18  Pylon  
  39  5:20  Photon Cannon  
  39  5:21  Nexus  
  39  5:23  Robotics Facility  
  39  5:25  Stargate, Adept  
  39  5:27  Twilight Council  
  41  5:31  Gateway  
  41  5:35  Forge  
  41  5:37  Sentry, Pylon  
  41  5:38  Probe (Chrono Boost)  
  44  5:45  Photon Cannon  
  44  5:49  Sentry  
  44  6:01  Adept  
  36  6:12  Observer  
  36  6:13  Stalker  
  39  6:26  Zealot  
  41  6:32  Observer  
  41  6:35  Probe (Chrono Boost)  
  41  6:37  Probe (Chrono Boost)  
  41  6:38  Zealot  
  46  6:41  Assimilator  
  46  6:47  Probe (Chrono Boost)  
  47  6:49  Probe (Chrono Boost)  
  47  6:50  Stalker  
  50  6:56  Pylon  
  50  6:59  Probe (Chrono Boost)  
  50  7:01  Probe (Chrono Boost)  
  52  7:02  Stalker  
  52  7:05  Pylon  
  54  7:10  Probe (Chrono Boost)  
  54  7:12  Probe (Chrono Boost)  
  54  7:14  Stalker  
  58  7:22  Probe (Chrono Boost)  
  60  7:23  Probe (Chrono Boost)  
  60  7:26  Photon Cannon  
  60  7:31  Photon Cannon  
  60  7:32  Probe (Chrono Boost)  
  60  7:34  Probe (Chrono Boost)  
  62  7:43  Probe (Chrono Boost)  
  63  7:45  Probe (Chrono Boost)  
  64  7:53  Probe (Chrono Boost)  
  64  7:55  Probe (Chrono Boost)  
  66  8:04  Probe (Chrono Boost)  
  67  8:06  Probe (Chrono Boost)  
  68  8:14  Probe (Chrono Boost)  
  69  8:36  Assimilator  
  69  9:28  Protoss Ground Weapons Level 1, Protoss Ground Armor Level 1  
  69  9:30  Immortal  
  69  9:37  Gateway  
  73  9:40  Robotics Bay  
  73  9:43  Void Ray  
  73  9:44  Robotics Facility  
  73  9:50  Stargate, Nexus  
  73  9:51  Pylon  
  77  9:58  Templar Archives  
  77  10:00  Dark Shrine  
  77  10:07  Warp Prism  
  77  10:09  Fleet Beacon  
  77  10:16  Zealot, Pylon  
  67  10:25  Observer Gravitic Boosters  
  59  10:28  Warp Prism  
  59  10:29  Stalker  
  63  10:43  Stalker, Observer  
  66  10:57  Sentry  
  69  11:04  Probe (Chrono Boost)  
  69  11:07  Probe (Chrono Boost)  
  69  11:10  Stalker, Probe (Chrono Boost)  
  73  11:15  Assimilator, Probe (Chrono Boost)  
  73  11:17  Pylon  
  73  11:18  Gravitic Drive  
  75  11:19  Probe (Chrono Boost)  
  75  11:20  Pylon  
  75  11:22  Assimilator, Probe (Chrono Boost)  
  75  11:24  Stalker  
  79  11:26  Probe (Chrono Boost)  
  79  11:31  Probe (Chrono Boost)  
  81  11:33  Probe (Chrono Boost)  
  81  11:37  Sentry  
  83  11:40  Photon Cannon  
  83  11:42  Photon Cannon  
  83  11:49  Immortal  
  87  11:58  Stalker  
  87  12:00  Probe (Chrono Boost)  
  89  12:03  Probe (Chrono Boost)  
  89  12:05  Zealot  
  89  12:07  Pylon  
  91  12:12  Probe (Chrono Boost)  
  91  12:13  Stalker  
  91  12:15  Probe (Chrono Boost)  
  93  12:20  Zealot  
  95  12:27  Zealot  
  95  12:28  Pylon  
  93  12:33  Nexus  
  93  12:37  Void Ray  
  93  12:38  Photon Cannon  
  97  12:51  Immortal, Pylon  
  69  13:02  Stalker  
  70  13:09  Zealot  
  71  13:16  Stalker  
  71  13:22  Immortal  
  71  13:23  Probe (Chrono Boost)  
  42  13:30  Zealot  
  40  13:48  Nexus  
  43  13:58  Sentry  
Tags
 
Composition
MMM Bio
League
Silver
Matchup
PvT
Spawn Locations
Cross Positions
Add a new tag
Caveats
  • Supply blocks, unpowered buildings, or Contaminate may cause inaccurate times.
  • Supply counts are checked every 10 seconds.